Map: New Repugnancy LE

Players

RandyLahey

  • Race: Zerg Zerg
  • League: Diamond
  • Spawn Location: 7:00

Steelman - Winner!

  • Race: Protoss Protoss
  • League: Diamond
  • Spawn Location: 1:00

VOD

Have the link to the VOD?

Description

Time

  • Played on: June 7, 2019, 11:14 p.m.
  • Length: 15:58
Show
View Real Time Build Order
Export as new Build Order

RandyLahey Zerg 

Build Orders: Hatch First, Roach Hydra 

Get SALT Encoding   

  12  0:01  Drone  
  13  0:12  Overlord  
  13  0:17  Drone  
  14  0:30  Drone x2  
  16  0:49  Hatchery  
  15  0:52  Drone  
  15  0:55  Drone  
  17  0:59  Extractor  
  17  1:03  Drone  
  17  1:16  Spawning Pool  
  16  1:18  Drone  
  16  1:24  Drone  
  18  1:33  Drone  
  18  1:38  Drone  
  20  1:49  Overlord  
  20  2:03  Queen x2  
  20  2:05  Zergling x4  
  26  2:10  Metabolic Boost  
  26  2:15  Drone  
  27  2:17  Drone  
  27  2:21  Drone  
  29  2:24  Drone  
  30  2:32  Drone  
  31  2:41  Roach Warren  
  30  2:46  Drone x2  
  30  2:48  Evolution Chamber  
  31  2:59  Drone x3, Baneling Nest  
  31  3:05  Overlord  
  33  3:15  Zerg Ground Armor Level 1  
  33  3:17  Drone x2  
  35  3:22  Extractor, Drone  
  35  3:25  Drone  
  35  3:26  Drone  
  37  3:28  Drone  
  38  3:44  Hatchery  
  37  3:50  Queen  
  37  3:52  Drone  
  37  3:53  Drone  
  37  3:54  Drone  
  42  4:02  Roach  
  44  4:06  Overlord x2  
  44  4:13  Overlord  
  44  4:14  Overlord  
  44  4:24  Drone x2  
  44  4:25  Drone x3  
  49  4:32  Queen  
  49  4:36  Lair  
  51  4:39  Roach  
  51  4:41  Extractor, Drone  
  51  4:42  Drone  
  54  4:47  Drone x3  
  54  4:49  Drone  
  58  5:15  Drone x9  
  67  5:23  Zerg Missile Weapons Level 1  
  67  5:27  Evolution Chamber  
  67  5:28  Extractor, Drone x3  
  68  5:30  Overlord x3  
  68  5:36  Roach x3  
  68  5:39  Overlord x2  
  74  5:49  Drone x4  
  78  5:53  Roach x3  
  84  6:00  Glial Reconstitution  
  84  6:01  Centrifical Hooks  
  84  6:03  Zergling x6  
  87  6:11  Hatchery  
  87  6:13  Zergling x8  
  90  6:18  Drone  
  90  6:19  Drone x3  
  90  6:23  Drone x2  
  90  6:24  Drone x2  
  98  6:26  Extractor  
  98  6:29  Zerg Ground Armor Level 2  
  97  6:34  Drone x3  
  91  7:05  Zergling x2  
  91  7:06  Zergling x20  
  98  7:10  Queen  
  100  7:21  Roach x3  
  105  7:22  Overlord  
  105  7:23  Overlord x4  
  105  7:25  Queen  
  107  7:35  Hydralisk Den  
  106  7:58  Zerg Missile Weapons Level 2  
  106  8:06  Muscular Augments  
  106  8:07  Hydralisk x3  
  106  8:08  Hydralisk x11  
  134  8:18  Hydralisk  
  136  8:21  Overlord x4  
  136  9:08  Hydralisk x14  
  164  9:10  Baneling  
  164  9:11  Baneling x12  
  164  9:13  Baneling  
  164  9:14  Baneling x4  
  164  9:21  Drone x4  
  168  9:31  Grooved Spines  
  168  9:34  Infestation Pit  
  165  9:45  Zergling x22  
  154  9:46  Zergling x4  
  121  10:12  Hydralisk x8  
  121  10:13  Hydralisk x2  
  133  10:18  Zergling x2  
  133  10:19  Zergling x8  
  128  10:30  Roach x5  
  133  10:42  Extractor  
  132  11:09  Roach  
  132  11:10  Roach x14  
  162  11:11  Zergling x2  
  162  11:12  Zergling x4  
  159  11:38  Zergling x12  
  159  11:39  Zergling x6  
  151  12:01  Zergling x18  
  125  12:07  Baneling x15  
  125  12:14  Hatchery  
  120  12:25  Zergling x18  
  112  12:38  Zergling x8  
  112  12:39  Zergling x4  
  114  12:49  Zergling x24  
  121  13:08  Baneling x13  
  121  13:09  Baneling x4  
  121  13:10  Zergling x16  
  121  13:11  Hydralisk x4  
  137  13:19  Zerg Melee Weapons Level 1  
  137  13:22  Hive  
  137  13:25  Hydralisk  
  137  13:26  Hydralisk  
  139  13:39  Hydralisk x4  
  147  13:49  Hydralisk  
  147  13:50  Hydralisk x3  
  155  14:09  Hydralisk x5  
  156  14:11  Overlord x3  
  155  14:40  Hydralisk x9  
  154  14:59  Hydralisk  
  152  15:00  Hydralisk x6  
  152  15:02  Zergling x2  
  148  15:28  Hydralisk x8  
Show
View Real Time Build Order
Export as new Build Order

Steelman Protoss - Winner!

Build Orders: 1 Gate Expand, Archon Immortal, Archon Drop 

Get SALT Encoding   

  12  0:01  Probe  
  13  0:13  Probe  
  14  0:23  Pylon  
  14  0:25  Probe  
  15  0:41  Probe  
  16  0:43  Gateway  
  16  0:53  Probe  
  17  0:59  Assimilator  
  17  1:06  Probe  
  18  1:14  Probe  
  19  1:22  Probe  
  19  1:32  Probe  
  20  1:38  Nexus  
  21  1:41  Cybernetics Core  
  21  1:44  Probe  
  22  1:49  Assimilator  
  22  1:53  Pylon  
  22  1:56  Probe  
  23  2:07  Assimilator  
  23  2:10  Warp Gate  
  23  2:11  Probe  
  24  2:17  Gateway  
  24  2:23  Probe  
  24  2:25  Adept  
  25  2:35  Probe  
  28  2:41  Shield Battery  
  28  2:47  Probe x2  
  30  2:55  Probe  
  30  2:59  Probe, Sentry  
  30  3:05  Probe  
  34  3:10  Twilight Council  
  34  3:12  Probe  
  36  3:17  Probe  
  37  3:22  Robotics Facility  
  37  3:24  Probe  
  38  3:29  Probe  
  39  3:36  Probe  
  39  3:39  Assimilator  
  40  3:41  Probe  
  40  3:47  Templar Archives  
  40  3:48  Probe  
  42  3:53  Probe  
  42  4:00  Probe  
  43  4:06  Probe  
  43  4:07  Pylon  
  44  4:12  Probe  
  45  4:17  Pylon  
  45  4:18  Probe  
  46  4:24  Warp Prism  
  46  4:28  High Templar  
  50  4:32  High Templar  
  50  4:35  Archon  
  52  4:40  Probe x2  
  52  4:44  Assimilator  
  54  4:48  Pylon  
  54  4:50  Forge  
  55  4:52  Probe x2  
  55  4:53  Gateway  
  55  4:56  Gateway  
  55  4:59  Immortal  
  56  5:00  Charge  
  56  5:04  Probe  
  56  5:05  Probe  
  62  5:26  High Templar x2  
  66  5:42  Probe x2, Pylon  
  68  5:48  Gateway  
  68  5:49  Pylon  
  68  5:50  Gateway, Zealot  
  68  5:52  Archon  
  68  5:53  Protoss Ground Weapons Level 1  
  68  5:57  Immortal  
  70  6:00  Probe x2  
  76  6:12  Probe x2  
  76  6:17  Zealot x3  
  76  6:18  Zealot, Nexus  
  86  6:19  Pylon  
  86  6:23  Pylon  
  86  6:31  Observer  
  86  6:37  Probe x2  
  89  6:49  Probe  
  89  6:52  Immortal  
  94  7:08  Stalker x4  
  102  7:23  Immortal  
  102  7:34  Pylon  
  102  7:36  Pylon  
  106  7:38  Protoss Ground Armor Level 1  
  106  7:39  Pylon  
  106  7:42  Pylon  
  106  7:48  Gateway  
  106  7:50  Gateway  
  106  7:52  Gateway  
  106  7:54  Gateway  
  106  8:01  High Templar, Zealot x4  
  106  8:02  High Templar  
  106  8:03  Immortal  
  119  8:05  Probe x3  
  119  8:09  Archon, Assimilator  
  119  8:12  Assimilator  
  121  8:17  Probe x2, Pylon  
  121  8:18  Probe  
  128  8:20  Pylon  
  128  8:21  Stalker x3  
  128  8:22  Stalker  
  136  8:57  Immortal  
  136  9:00  High Templar x3  
  136  9:01  High Templar  
  136  9:02  Zealot x6  
  138  9:03  Probe x3  
  153  9:15  Probe x3  
  156  9:19  Robotics Facility  
  156  9:24  Warp Prism  
  156  9:25  Psionic Storm, Pylon  
  156  9:29  Pylon  
  156  9:30  Protoss Ground Weapons Level 2  
  156  9:32  Archon x2  
  156  9:33  Pylon  
  152  9:42  Zealot  
  152  9:43  Zealot x4  
  150  9:47  Zealot x5  
  150  9:50  Immortal  
  126  10:03  Zealot x3  
  126  10:04  Zealot x2  
  116  10:09  Zealot x4  
  114  10:23  Zealot x3  
  114  10:24  Zealot x3  
  118  10:47  High Templar x8  
  118  10:48  Zealot  
  118  10:49  Zealot  
  138  10:52  Archon  
  138  10:54  Immortal  
  138  10:55  Archon  
  142  11:08  Immortal  
  146  11:12  Zealot x2  
  150  11:23  Zealot  
  150  11:24  Zealot x3  
  150  11:25  Zealot x2  
  160  11:33  Zealot x3  
  160  11:35  Zealot  
  143  12:07  Zealot x7  
  143  12:08  Zealot x3  
  117  12:41  Nexus  
  111  12:48  Immortal  
  97  12:53  High Templar x9  
  97  12:54  High Templar  
  97  12:58  Immortal  
  125  13:11  Archon x4  
  125  13:12  Archon  
  125  13:13  Protoss Shields Level 1  
  125  13:26  Zealot  
  127  13:27  Zealot x6  
  127  13:31  Probe  
  127  13:33  Probe  
  141  13:49  Cybernetics Core  
  141  14:00  Probe x3  
  144  14:08  High Templar x4  
  152  14:12  Immortal  
  156  14:26  Zealot x4  
  156  14:27  Zealot  
  155  14:35  Probe x3  
  144  14:47  Probe  
  139  14:56  Zealot x3  
  139  15:04  High Templar x3  
  131  15:07  High Templar  
  131  15:08  Archon  
  131  15:11  Archon  
  92  15:34  Sentry x2  
Tags
 
Add a new tag
Caveats
  • Supply blocks, unpowered buildings, or Contaminate may cause inaccurate times.
  • Supply counts are checked every 10 seconds.